[Event "Titled Tuesday Blitz February 07 Late 2023"]
[White "Gascon Del Nogal, Jose Rafael"]
[Black "Kleiman, Jake"]
[WhiteFideId "3902463"]
[BlackFideId "2020041"]
[WhiteElo "2459"]
[BlackElo "2399"]
[Result "1-0"]
[Round "10"]
[TimeControl "180+2"]
[Date "2023.02.07"]
[WhiteClock "0:00:08"]
[BlackClock "0:00:10"]

1. e4 e5 2. Nf3 Nc6 3. Bc4 Bc5 4. c3 Nf6 5. d3 O-O 6. O-O d5 7. exd5 Nxd5 8. Re1 Bg4 9. Nbd2 Nb6 10. h3 Bh5 11. Bb3 Qxd3 12. Nxe5 Qf5 13. Nef3 Bg6 14. Qe2 Rad8 15. Nh4 Qd3 16. Nxg6 hxg6 17. Ne4 Qxe2 18. Rxe2 Be7 19. Bf4 Rd7 20. Rd2 Rfd8 21. Rad1 Rxd2 22. Rxd2 Rxd2 23. Bxd2 Na5 24. Bc2 Nac4 25. Bc1 f5 26. Ng3 Bf6 27. Ne2 Kf8 28. Nf4 Kf7 29. Bb3 Bg5 30. g3 a5 31. a4 Ke8 32. h4 Bh6 33. Kf1 Kd7 34. Ke2 Bxf4 35. gxf4 c5 36. Bc2 Ke6 37. b3 Nd6 38. Be3 Nd7 39. Bd3 b6 40. Kd2 Nf6 41. Kc2 Kd5 42. b4 Ng4 43. bxa5 bxa5 44. Kd2 Nc4+ 45. Ke2 Nb2 46. Bb5 Nc4 47. Be8 Ngxe3 48. fxe3 Nb2 49. Bxg6 Nxa4 50. Bxf5 Nxc3+ 51. Kd3 Nb5 52. e4+ Kd6 53. e5+ Kd5 54. Be4+ Ke6 55. Bc6 Nd4 56. Be8 Nf5 57. h5 Ne7 58. Ke4 c4 59. Bb5 c3 60. Bc4+ Kd7 61. Kd3 Nc6 62. Kxc3 a4 63. Bb5 a3 64. Bxc6+ Kxc6 65. Kb3 Kd5 66. Kxa3 Ke6 67. Kb4 Kf5 1-0


[Site "https://www.chess.com"]

[Event "Titled Tuesday Blitz February 07 Late 2023"]
[White "Toncheva, Nadya"]
[Black "Gutenev, Alexander"]
[WhiteFideId "2924056"]
[BlackFideId "4195540"]
[WhiteElo "2295"]
[BlackElo "2455"]
[Result "0-1"]
[Round "10"]
[TimeControl "180+2"]
[Date "2023.02.07"]
[WhiteClock "0:00:16"]
[BlackClock "0:01:23"]

1. e4 g6 2. d4 Bg7 3. Nc3 c6 4. Nf3 d5 5. e5 f6 6. Bf4 Bg4 7. Be2 Nd7 8. exf6 Ngxf6 9. h3 Bxf3 10. Bxf3 O-O 11. O-O Ne4 12. Bh2 Nxc3 13. bxc3 e5 14. Bg4 e4 15. Rb1 Nb6 16. Bg3 h5 17. Be2 Qe7 18. Qd2 Rad8 19. Rfe1 Kh7 20. Bf1 Na4 21. Rb3 b5 22. Bf4 Nb6 23. Bg5 Bf6 24. Bxf6 Qxf6 25. Rbb1 a5 26. Re3 a4 27. Rg3 Rf7 28. Re1 Rdf8 29. f3 Qh4 30. Kh2 exf3 31. gxf3 Rxf3 32. Rxf3 Rxf3 33. Bg2 Qg3+ 34. Kh1 Rf2 35. Re7+ Kg8 36. Re8+ Kf7 37. Rf8+ Kxf8 38. Qh6+ Kg8 0-1


[Site "https://www.chess.com"]

[Event "Titled Tuesday Blitz February 07 Late 2023"]
[White "Herman, Daniel"]
[Black "Mgeladze, Tamaz"]
[WhiteFideId "30935008"]
[BlackFideId "13601202"]
[WhiteElo "1956"]
[BlackElo "2388"]
[Result "1-0"]
[Round "10"]
[TimeControl "180+2"]
[Date "2023.02.07"]
[WhiteClock "0:00:43"]
[BlackClock "0:00:36"]

1. Nf3 Nf6 2. c4 g6 3. b4 Bg7 4. Bb2 O-O 5. e3 b6 6. Be2 c5 7. b5 a6 8. a4 axb5 9. axb5 Rxa1 10. Bxa1 Bb7 11. O-O d6 12. d4 Nbd7 13. d5 Qc7 14. Nc3 Ra8 15. Bb2 Ne4 16. Qc2 Nxc3 17. Bxc3 Bxc3 18. Qxc3 Qb8 19. e4 Ra2 20. Bd3 Qa7 21. e5 Qa5 22. Qc1 Nxe5 23. Nxe5 dxe5 24. Qg5 f6 25. Qg4 Qc3 26. Qe6+ Kf8 27. d6 exd6 28. Qxf6+ Kg8 29. Bxg6 hxg6 30. Qxg6+ Kf8 31. Qxd6+ Kf7 32. Qd7+ Kf6 33. Qxb7 Qxc4 34. Qxb6+ Kf5 35. Qc6 Rb2 36. b6 Qb5 37. Qc8+ Kf6 38. b7 Rb1 39. Qd8+ Kg6 40. Qd6+ Kf5 41. g4+ Kf4 42. Qf6+ Kxg4 43. Qg6+ Kf3 44. Rxb1 1-0


[Site "https://www.chess.com"]

[Event "Titled Tuesday Blitz February 07 Late 2023"]
[White "Flynn, Jacob"]
[Black "Kamsky, Gata"]
[WhiteFideId "2509393"]
[BlackFideId "2000024"]
[WhiteElo "2102"]
[BlackElo "2665"]
[Result "0-1"]
[Round "10"]
[TimeControl "180+2"]
[Date "2023.02.07"]
[WhiteClock "0:00:01"]
[BlackClock "0:00:03"]

1. d4 g6 2. e4 Bg7 3. Nf3 d6 4. Bc4 Nf6 5. Qe2 c6 6. Bb3 O-O 7. h3 a5 8. a4 b6 9. Nbd2 Ba6 10. Bc4 Bxc4 11. Nxc4 d5 12. exd5 cxd5 13. Nce5 e6 14. O-O Nbd7 15. Qb5 Nxe5 16. Nxe5 Rc8 17. c3 Ne8 18. Bf4 Nd6 19. Qb3 Re8 20. Rfe1 Re7 21. Re2 Rb7 22. Bg3 Ne4 23. Bf4 Qe8 24. f3 Nf6 25. Nd3 Qc6 26. Be5 Nd7 27. Bxg7 Kxg7 28. Ne5 Nxe5 29. Rxe5 b5 30. axb5 Rxb5 31. Qa3 a4 32. Re2 Qc4 33. Rae1 Rcb8 34. Qa1 Rb3 35. Qc1 a3 36. bxa3 Qxc3 37. Qf4 Rb1 38. Qe5+ Kg8 39. Rxb1 Rxb1+ 40. Kh2 Qxa3 41. h4 Qe7 42. Qf4 Rb6 43. h5 f6 44. Rc2 Qd6 45. Rc8+ Kf7 46. Qxd6 Rxd6 47. Rc7+ Kg8 48. h6 e5 49. Rg7+ Kh8 50. dxe5 fxe5 51. Re7 Kg8 52. Rxe5 Kf7 53. Kg3 d4 54. Re2 g5 55. f4 Kg6 56. fxg5 Kxg5 57. Rd2 Kxh6 58. Kf3 Kg5 59. Ke2 Kg4 60. Kd3 Kg3 61. Re2 h5 62. Ra2 h4 63. Rb2 Rf6 64. Kxd4 Rf2 65. Rb3+ Kxg2 66. Rb8 h3 67. Ke3 Rf3+ 68. Ke2 h2 69. Rg8+ Rg3 0-1


[Site "https://www.chess.com"]

[Event "Titled Tuesday Blitz February 07 Late 2023"]
[White "Gurevich, Dmitry"]
[Black "Rustemov, Alexander"]
[WhiteFideId "2000407"]
[BlackFideId "4119002"]
[WhiteElo "2393"]
[BlackElo "2525"]
[Result "1/2-1/2"]
[Round "10"]
[TimeControl "180+2"]
[Date "2023.02.07"]
[WhiteClock "0:00:03"]
[BlackClock "0:00:27"]

1. d4 g6 2. c4 Bg7 3. e4 d6 4. Nc3 Nc6 5. Be3 e5 6. d5 Nd4 7. Nge2 Nxe2 8. Bxe2 Bh6 9. Bxh6 Nxh6 10. Qd2 Ng8 11. O-O Nf6 12. f4 Qe7 13. fxe5 Qxe5 14. Nb5 O-O 15. Nxc7 Rb8 16. Qf4 Nxe4 17. Qxe5 dxe5 18. b4 Bd7 19. Bd3 Nc3 20. Rfc1 Na4 21. c5 f5 22. d6 Kg7 23. b5 e4 24. Bf1 Rf6 25. c6 Rxd6 26. cxd7 Rxd7 27. Ne6+ Kf6 28. Nc5 Nxc5 29. Rxc5 Rbd8 30. Rac1 g5 31. g4 f4 32. Rf5+ Kg6 33. Rcc5 h6 34. h4 Rd1 35. hxg5 e3 36. Rce5 R8d2 37. Rf6+ Kg7 38. Re7+ Kg8 39. Rff7 hxg5 40. Rg7+ Kf8 41. Rgf7+ Kg8 42. Rg7+ Kf8 43. Rgf7+ Kg8 1/2-1/2


[Site "https://www.chess.com"]

[Event "Titled Tuesday Blitz February 07 Late 2023"]
[White "Schroeder, Jan-Christian"]
[Black "Sztokbant, Bernardo Vainzoff"]
[WhiteFideId "24662259"]
[BlackFideId "2115956"]
[WhiteElo "2553"]
[BlackElo "2213"]
[Result "1-0"]
[Round "10"]
[TimeControl "180+2"]
[Date "2023.02.07"]
[WhiteClock "0:00:56"]
[BlackClock "0:00:06"]

1. Nf3 d5 2. g3 Nf6 3. Bg2 g6 4. O-O Bg7 5. c4 O-O 6. cxd5 Nxd5 7. d4 c5 8. e4 Nf6 9. e5 Nd5 10. dxc5 Nc6 11. Re1 Ndb4 12. Nc3 Nd3 13. Re3 Nxc5 14. Qe2 Bh6 15. h4 Bg4 16. Qc4 Bxe3 17. Bxe3 Bxf3 18. Bxf3 Nxe5 19. Qxc5 Nxf3+ 20. Kg2 Rc8 21. Qd5 Rxc3 22. Qxd8 Rxd8 23. bxc3 Ne5 24. Bxa7 Rd2 25. a4 f5 26. Rb1 Ra2 27. Rxb7 Rxa4 28. Bc5 Ng4 29. Rxe7 Ra2 30. Bd4 Ra6 31. Rg7+ Kf8 32. Rxh7 Ra2 33. h5 g5 34. Rb7 Kg8 35. Rg7+ Kf8 36. Rxg5 Ke8 37. Rxf5 Kd7 38. Rf4 Ke6 39. Rxg4 Ra1 40. Rf4 Rh1 41. Kxh1 Kd5 42. h6 Kc4 43. h7 Kd3 44. h8=Q Ke2 45. Qe5+ Kf1 46. Qf5 Ke2 47. Qc2+ Kf1 48. Qd1# 1-0


[Site "https://www.chess.com"]

[Event "Titled Tuesday Blitz February 07 Late 2023"]
[White "Taspinar, Yanki"]
[Black "Maltsevskaya, Aleksandra"]
[WhiteFideId "34561188"]
[BlackFideId "24174041"]
[WhiteElo "2262"]
[BlackElo "2390"]
[Result "0-1"]
[Round "10"]
[TimeControl "180+2"]
[Date "2023.02.07"]
[WhiteClock "0:01:58"]
[BlackClock "0:02:15"]

1. Nf3 Nf6 2. g3 g6 3. Bg2 Bg7 4. O-O O-O 5. b3 d6 6. Bb2 Nbd7 7. d4 e5 8. dxe5 Ng4 9. Nbd2 Ngxe5 10. Nxe5 Nxe5 11. Qc1 a5 12. Nf3 Qe7 13. c4 a4 14. e3 Nd3 15. Bxg7 Nxc1 16. Bxf8 Ne2+ 17. Kh1 Kxf8 18. Rfe1 Nc3 19. b4 Ne4 20. Kg1 Be6 21. Rac1 c5 22. b5 Qf6 23. Red1 a3 24. Nd2 Nxd2 25. Rxd2 Ra4 26. Bxb7 Rxc4 27. Rcd1 Rb4 28. Bc6 Rb2 29. Kg2 Qc3 30. Rxd6 Qxe3 31. Rf1 Bc4 32. Kg1 Qe2 33. Bg2 Bxb5 34. Rf6 Qe5 35. Rf4 Bxf1 36. Bxf1 Rxa2 37. h3 Ra1 38. h4 Rxf1+ 39. Kg2 a2 40. Rxf7+ Kxf7 41. h5 Qxh5 42. Kxf1 Qf3 43. Kg1 c4 44. Kh2 c3 45. Kh3 c2 46. Kh4 c1=Q 47. g4 h6 48. g5 hxg5# 0-1


[Site "https://www.chess.com"]

[Event "Titled Tuesday Blitz February 07 Late 2023"]
[White "Di Berardino, Diego Rafael"]
[Black "Veiga, Jose Francisco R P Neves"]
[WhiteFideId "2105446"]
[BlackFideId "1930087"]
[WhiteElo "2479"]
[BlackElo "2406"]
[Result "0-1"]
[Round "10"]
[TimeControl "180+2"]
[Date "2023.02.07"]
[WhiteClock "0:00:01"]
[BlackClock "0:01:00"]

1. e4 c6 2. d4 g6 3. Nc3 Bg7 4. Nf3 d5 5. h3 dxe4 6. Nxe4 Nf6 7. Nxf6+ exf6 8. Bd3 O-O 9. O-O a5 10. Re1 Na6 11. c3 Nc7 12. Bf4 Nd5 13. Bg3 Be6 14. Nd2 a4 15. Ne4 a3 16. Qc2 Qa5 17. b4 Qb6 18. Rab1 f5 19. Nc5 f4 20. Bh2 Rfe8 21. Nxe6 Rxe6 22. Rxe6 fxe6 23. Qd2 e5 24. c4 Qxd4 25. cxd5 e4 26. dxc6 bxc6 27. Rd1 exd3 28. Bxf4 Rd8 29. Bg5 Rf8 30. Be3 Qb2 31. Bc5 Re8 32. g3 h6 33. Kg2 Kh7 34. h4 h5 35. Qxd3 Qxa2 36. Qd7 Re5 37. Bd4 Qd5+ 38. Qxd5 Rxd5 39. Bxg7 Rxd1 0-1


[Site "https://www.chess.com"]

[Event "Titled Tuesday Blitz February 07 Late 2023"]
[White "Averjanov, Alexey"]
[Black "Yang, Qindong"]
[WhiteFideId "14109867"]
[BlackFideId "8603758"]
[WhiteElo "2399"]
[BlackElo "2127"]
[Result "0-1"]
[Round "10"]
[TimeControl "180+2"]
[Date "2023.02.07"]
[WhiteClock "0:00:13"]
[BlackClock "0:00:04"]

1. d4 Nf6 2. c4 e6 3. Nf3 Bb4+ 4. Nbd2 O-O 5. g3 b6 6. Bg2 Bb7 7. O-O Be7 8. b3 c5 9. Bb2 cxd4 10. Nxd4 Bxg2 11. Kxg2 Nc6 12. Nxc6 dxc6 13. Qc2 c5 14. Ne4 Nxe4 15. Qxe4 Bf6 16. Rad1 Qe7 17. Bxf6 gxf6 18. Rd3 Rad8 19. Rfd1 Rxd3 20. Qxd3 Rc8 21. Qd7 Rc7 22. Qd8+ Qxd8 23. Rxd8+ Kg7 24. Kf3 f5 25. e4 fxe4+ 26. Kxe4 Kf6 27. f4 Kg7 28. g4 f6 29. h4 Kf7 30. h5 Kg7 31. g5 Rf7 32. Re8 fxg5 33. fxg5 Rf5 34. Re7+ Kg8 35. Rxa7 Rxg5 36. h6 Rg6 37. Rb7 Rxh6 38. Rxb6 Rh2 39. a4 Kf7 40. a5 Ra2 41. a6 Kf6 42. b4 cxb4 43. c5 b3 44. c6 b2 45. Kd4 Rxa6 46. Rxb2 Rxc6 47. Rf2+ Kg5 48. Rg2+ Kf4 49. Rf2+ Kg4 50. Rg2+ Kf3 51. Rh2 Rc7 52. Ke5 Kg3 53. Rh6 Re7 54. Kf6 Ra7 55. Ke5 Kg4 56. Rxe6 Rf7 57. Rh6 Kg5 58. Rh1 Re7+ 59. Kd4 h5 60. Rg1+ Kh4 61. Rh1+ Kg4 62. Rg1+ Kh4 63. Rh1+ Kg5 64. Rg1+ Kh6 65. Rh1 Re8 66. Kd5 Kg5 67. Rg1+ Kf4 68. Rf1+ Kg3 69. Rg1+ Kh2 70. Rg5 h4 71. Rg4 h3 72. Kd4 Re2 73. Kd3 Rg2 74. Rh4 Rg3+ 75. Ke2 Kg2 76. Rf4 h2 77. Rf2+ Kh3 78. Rf1 Rg1 79. Rf3+ Kg4 0-1


[Site "https://www.chess.com"]

[Event "Titled Tuesday Blitz February 07 Late 2023"]
[White "ArchibaldCerveza29"]
[Black "Czopor, Maciej"]
[BlackFideId "21805431"]
[WhiteElo "2520"]
[BlackElo "2385"]
[Result "0-1"]
[Round "10"]
[TimeControl "180+2"]
[Date "2023.02.07"]
[WhiteClock "0:00:03"]
[BlackClock "0:00:02"]

1. e4 c6 2. d4 g6 3. Nc3 d5 4. Nf3 Bg7 5. h3 dxe4 6. Nxe4 Nf6 7. Bd3 O-O 8. O-O Nbd7 9. Ng3 Qc7 10. Re1 Re8 11. Ne2 e5 12. dxe5 Nxe5 13. Nxe5 Qxe5 14. c3 Bf5 15. Bf4 Qa5 16. Bxf5 Qxf5 17. Bg3 Ne4 18. Nd4 Qd5 19. Bf4 Rad8 20. Qb3 Bxd4 21. cxd4 Qxb3 22. axb3 a6 23. Rad1 Nf6 24. Bg5 Rxe1+ 25. Rxe1 Re8 26. Re5 Rxe5 27. dxe5 Nd7 28. f4 Nc5 29. Bd8 Ne6 30. Bg5 Nd4 31. b4 Kf8 32. Kf2 Nc2 33. Kf3 Nxb4 34. Ke4 Ke8 35. Bh4 Kd7 36. Be1 Nd5 37. g4 Nc7 38. f5 Nb5 39. Bb4 b6 40. h4 a5 41. Bd2 a4 42. h5 gxh5 43. gxh5 a3 44. bxa3 Nxa3 45. h6 Nc4 46. Bg5 b5 47. Kd4 Nb6 48. Kc5 Nd5 49. Bd2 Ne7 50. f6 Ng6 51. Kd4 Ke6 52. Bb4 Nxe5 53. Be7 Ng4 54. Bf8 Nxf6 55. Bg7 Ng4 56. Ke4 f5+ 57. Kd4 Kf7 0-1


[Site "https://www.chess.com"]

[Event "Titled Tuesday Blitz February 07 Late 2023"]
[White "Reprintsev, Alexander"]
[Black "Sielecki, Christof"]
[WhiteFideId "14100541"]
[BlackFideId "4620437"]
[WhiteElo "2253"]
[BlackElo "2419"]
[Result "0-1"]
[Round "10"]
[TimeControl "180+2"]
[Date "2023.02.07"]
[WhiteClock "0:01:14"]
[BlackClock "0:01:13"]

1. e4 c5 2. b3 Nc6 3. Bb2 a6 4. Nf3 e6 5. Be2 d5 6. exd5 exd5 7. d4 Nf6 8. O-O Be7 9. dxc5 Bxc5 10. c4 dxc4 11. Qxd8+ Nxd8 12. Nbd2 cxb3 13. Nxb3 Be7 14. Rfe1 Ne6 15. Ne5 O-O 16. Bf3 Rd8 17. Rad1 Kf8 18. Na5 Bb4 19. Rxd8+ Nxd8 20. Rd1 Bxa5 21. Nc4 Bc7 22. Be5 Bxe5 23. Rxd8+ Ke7 0-1


[Site "https://www.chess.com"]

[Event "Titled Tuesday Blitz February 07 Late 2023"]
[White "Yeritsyan, Hayk"]
[Black "Shapiro, Viktor"]
[WhiteFideId "13307320"]
[BlackFideId "4175700"]
[WhiteElo "2241"]
[BlackElo "2192"]
[Result "1-0"]
[Round "10"]
[TimeControl "180+2"]
[Date "2023.02.07"]
[WhiteClock "0:00:15"]
[BlackClock "0:00:10"]

1. d4 Nf6 2. Nf3 c5 3. e3 e6 4. Bd3 d5 5. c3 Nc6 6. Nbd2 Bd6 7. Qe2 O-O 8. O-O e5 9. dxc5 Bxc5 10. e4 d4 11. Nb3 Bb6 12. cxd4 exd4 13. Bg5 h6 14. Bh4 Re8 15. e5 g5 16. Bg3 Qd5 17. Rfe1 Bg4 18. Nbd2 Nh5 19. Ne4 Kg7 20. h3 Nxg3 21. Nxg3 Rxe5 22. Qxe5+ Nxe5 23. Rxe5 Bxf3 24. Nf5+ Kf6 25. Rxd5 Bxd5 26. Nxh6 Rc8 27. Ng4+ Kg7 28. a3 Bc4 29. Ne5 Bxd3 30. Nxd3 Rc2 31. Rd1 f5 32. Kf1 Kf6 33. Ke1 a5 34. Rc1 Rc6 35. Rxc6+ bxc6 36. a4 Ke6 37. b3 Kd5 38. Kd2 Bc7 39. Nb2 Bf4+ 40. Kd3 Bc7 41. Nc4 Kc5 42. g3 Kb4 43. h4 gxh4 44. gxh4 Kxb3 45. h5 Bf4 46. Nxa5+ Kxa4 47. Nxc6 Bh6 48. Nxd4 f4 49. Nf5 Bg5 50. h6 Kb5 51. Kd4 Bf6+ 52. Kd5 Kb4 53. Ke6 Bh8 54. Nh4 Kc3 55. Kf5 f3 56. Nxf3 Kd3 57. Ng5 Ke2 58. f4 Ke3 59. Nf7 Bc3 60. h7 Kf3 61. h8=Q Bxh8 62. Nxh8 Ke3 63. Ke5 Kf3 64. f5 Kg4 65. f6 Kg5 66. f7 Kh4 67. f8=Q 1-0


[Site "https://www.chess.com"]

[Event "Titled Tuesday Blitz February 07 Late 2023"]
[White "Jimenez Almeida, Luis David"]
[Black "Cori T., Deysi"]
[WhiteFideId "22242244"]
[BlackFideId "3801934"]
[WhiteElo "2242"]
[BlackElo "2362"]
[Result "0-1"]
[Round "10"]
[TimeControl "180+2"]
[Date "2023.02.07"]
[WhiteClock "0:00:01"]
[BlackClock "0:00:34"]

1. e4 e6 2. Nf3 Ne7 3. d4 d5 4. e5 c5 5. c3 Nbc6 6. Bd3 cxd4 7. cxd4 Nf5 8. Bxf5 exf5 9. Nc3 Be7 10. O-O Be6 11. a3 g5 12. b4 Rg8 13. Bb2 f4 14. Na4 Bg4 15. Qd3 Rg6 16. Rac1 Rc8 17. Nc5 b6 18. Nb7 Qd7 19. Nd6+ Bxd6 20. exd6 Qxd6 21. Ne5 Nxe5 22. dxe5 Qd8 23. Rxc8 Bxc8 24. Rd1 Be6 25. Qa6 Qd7 26. Rc1 Kf8 27. Bd4 Rg8 28. Qd3 Kg7 29. Qd2 Rc8 30. g3 Rxc1+ 31. Qxc1 Qb5 32. gxf4 Qd3 33. Be3 Bh3 34. e6 Qe4 35. Qc3+ f6 36. Qc7+ Kg6 37. f5+ Kh5 38. Qxh7+ Kg4 39. f3+ Qxf3 0-1


[Site "https://www.chess.com"]

[Event "Titled Tuesday Blitz February 07 Late 2023"]
[White "Golubev, Mikhail"]
[Black "Gutkin, Ilya"]
[WhiteFideId "14100983"]
[BlackFideId "16203470"]
[WhiteElo "2461"]
[BlackElo "2273"]
[Result "0-1"]
[Round "10"]
[TimeControl "180+2"]
[Date "2023.02.07"]
[WhiteClock "0:00:01"]
[BlackClock "0:00:21"]

1. e4 e6 2. d4 d5 3. Nc3 Nf6 4. e5 Nfd7 5. f4 c5 6. Nf3 Nc6 7. Be3 a6 8. a3 b5 9. dxc5 Bxc5 10. Bxc5 Nxc5 11. Nd4 Bd7 12. Be2 Qb6 13. Nxc6 Bxc6 14. Qd4 Na4 15. Qxb6 Nxb6 16. O-O-O Ke7 17. Rd4 Rhc8 18. b3 Nd7 19. Kb2 Rab8 20. Bd3 h6 21. Ne2 g5 22. g3 gxf4 23. gxf4 Rg8 24. Ng3 a5 25. Re1 Rg4 26. c3 Nc5 27. Bc2 Rh4 28. Re2 b4 29. axb4 axb4 30. cxb4 Na6 31. Kc3 Nc7 32. Bd3 Bb5 33. f5 Rxd4 34. Kxd4 Bxd3 35. Kxd3 Rxb4 36. Kc3 Rf4 37. f6+ Kd7 38. Ra2 Nb5+ 39. Kd3 Rf3+ 40. Ke2 Rxg3 41. Ra5 Rxb3 0-1


[Site "https://www.chess.com"]

[Event "Titled Tuesday Blitz February 07 Late 2023"]
[White "Chor, Kevin"]
[Black "Fernandez Garcia, Gumersindo"]
[WhiteFideId "2090740"]
[BlackFideId "24516740"]
[WhiteElo "1944"]
[BlackElo "2160"]
[Result "1-0"]
[Round "10"]
[TimeControl "180+2"]
[Date "2023.02.07"]
[WhiteClock "0:00:09"]
[BlackClock "0:00:10"]

1. e4 c5 2. Nf3 g6 3. d4 cxd4 4. Nxd4 Bg7 5. Nc3 Nc6 6. Be3 Nf6 7. Bc4 O-O 8. Bb3 d6 9. f3 Bd7 10. Qd2 Rc8 11. O-O-O Nxd4 12. Bxd4 b5 13. Nd5 Nxd5 14. Bxg7 Kxg7 15. exd5 a5 16. a3 Kg8 17. g4 b4 18. h4 a4 19. Ba2 b3 20. Bb1 bxc2 21. Bxc2 Qb6 22. Kb1 Rb8 23. Qd4 Qb7 24. h5 e5 25. dxe6 Bxe6 26. hxg6 fxg6 27. Bxg6 Qg7 28. Bxh7+ Kf7 29. Qxg7+ Kxg7 30. Rxd6 Bb3 31. Rg6+ Kf7 32. Rd6 Ke7 33. Rd3 Rbc8 34. Re1+ Kf6 35. Rd6+ Kg5 36. Bf5 Kf4 37. Bxc8 Rxc8 38. Rf6+ Kg3 39. g5 Kf2 40. Rc1 Rg8 41. g6 Kg3 42. f4 Kg4 43. Rg1+ Kf3 44. g7 Kf2 45. Rfg6 Bd5 46. R6g3 Be4+ 47. Ka1 Rc8 48. g8=Q Rc1+ 49. Rxc1 Bf3 50. Rc3 Ke2 51. Rcxf3 Ke1 52. Re3+ Kf2 53. Qf8 Kf1 54. Qg8 Kf2 55. f5 Kf1 56. Re4 Kf2 57. Rgg4 Kf1 58. f6 Kf2 59. f7 Kf1 60. f8=Q# 1-0


[Site "https://www.chess.com"]

[Event "Titled Tuesday Blitz February 07 Late 2023"]
[White "Rottenwohrer Suarez, Juan"]
[Black "Chan, Luis"]
[WhiteFideId "32068182"]
[BlackFideId "3216357"]
[WhiteElo "2265"]
[BlackElo "2208"]
[Result "0-1"]
[Round "10"]
[TimeControl "180+2"]
[Date "2023.02.07"]
[WhiteClock "0:00:03"]
[BlackClock "0:00:16"]

1. Nf3 d5 2. g3 Bg4 3. Bg2 Nd7 4. d4 Ngf6 5. O-O e6 6. c4 c6 7. h3 Bh5 8. cxd5 exd5 9. Nc3 Be7 10. Ne5 O-O 11. f4 Nxe5 12. dxe5 Nd7 13. g4 Bg6 14. f5 Nxe5 15. fxg6 hxg6 16. Bf4 Nc4 17. b3 Bc5+ 18. Kh1 Ne3 19. Bxe3 Bxe3 20. Qd3 Qg5 21. Rf3 Rae8 22. Raf1 Bb6 23. Na4 Bc7 24. Nc5 Qe5 25. Kg1 Re7 26. R1f2 Rfe8 27. Qc2 Bd6 28. Nd3 Qh2+ 29. Kf1 Bg3 30. Nf4 Bxf2 31. Kxf2 d4 32. Qc4 g5 33. Nh5 Rxe2+ 34. Qxe2 Rxe2+ 35. Kxe2 Qxg2+ 36. Rf2 Qxh3 0-1


[Site "https://www.chess.com"]

[Event "Titled Tuesday Blitz February 07 Late 2023"]
[White "Aggelis, Nikolaos"]
[Black "Remolar Gallen, Jose"]
[WhiteFideId "4213220"]
[BlackFideId "2215187"]
[WhiteElo "2270"]
[BlackElo "2285"]
[Result "0-1"]
[Round "10"]
[TimeControl "180+2"]
[Date "2023.02.07"]
[WhiteClock "0:01:00"]
[BlackClock "0:00:05"]

1. d4 Nf6 2. g3 g6 3. Bg2 Bg7 4. Nf3 O-O 5. O-O d6 6. b3 a5 7. a4 Na6 8. Bb2 Ne4 9. Nbd2 f5 10. Ne1 d5 11. Nd3 Nb4 12. Nf3 b6 13. Ba3 c5 14. e3 Ba6 15. Re1 Rc8 16. Nfe5 cxd4 17. Bxb4 dxe3 18. Bxe4 fxe4 19. Ba3 exd3 20. Rxe3 dxc2 21. Qd2 d4 22. Re4 Qd5 23. Rae1 Bb7 24. f3 Bxe5 25. Rxe5 Qxf3 0-1


[Site "https://www.chess.com"]

[Event "Titled Tuesday Blitz February 07 Late 2023"]
[White "Kavutskiy, Konstantin"]
[Black "Carrasco Miranda, Andres"]
[WhiteFideId "2026384"]
[BlackFideId "3405990"]
[WhiteElo "2414"]
[BlackElo "2240"]
[Result "0-1"]
[Round "10"]
[TimeControl "180+2"]
[Date "2023.02.07"]
[WhiteClock "0:00:03"]
[BlackClock "0:00:35"]

1. d4 Nf6 2. Bg5 Ne4 3. Bf4 c5 4. f3 Nf6 5. dxc5 b6 6. cxb6 Qxb6 7. Qc1 d5 8. Nc3 g6 9. e3 Bg7 10. Bb5+ Nbd7 11. Nge2 O-O 12. Bxd7 Bxd7 13. Be5 Rac8 14. O-O Bh6 15. Bd4 Qd6 16. f4 a5 17. Qe1 a4 18. a3 Ne4 19. Nxe4 dxe4 20. Nc3 f5 21. Qh4 Bg7 22. Rad1 Qe6 23. Bxg7 Kxg7 24. Rd2 Bc6 25. Rfd1 Rb8 26. Ne2 Rxb2 27. Nd4 Qf6 28. Qe1 Be8 29. Rf2 Bf7 30. Qc3 Rfb8 31. Rfd2 Rb1 32. Qc7 Rxd1+ 33. Rxd1 Rb2 34. Nc6 Rxc2 35. Qb8 Qxc6 36. Qd8 Qc3 0-1


[Site "https://www.chess.com"]

[Event "Titled Tuesday Blitz February 07 Late 2023"]
[White "Filgueira, Hernan"]
[Black "Van Dael, Siem"]
[WhiteFideId "101770"]
[BlackFideId "1049771"]
[WhiteElo "2283"]
[BlackElo "2319"]
[Result "0-1"]
[Round "10"]
[TimeControl "180+2"]
[Date "2023.02.07"]
[WhiteClock "0:01:17"]
[BlackClock "0:01:19"]

1. e4 c5 2. Nf3 d6 3. Bb5+ Nd7 4. O-O a6 5. Bd3 g6 6. c3 Bg7 7. Bc2 e5 8. d4 Ne7 9. a4 O-O 10. Bg5 f6 11. Be3 Nc6 12. Nbd2 b6 13. Nc4 Qe7 14. dxc5 dxc5 15. Qd5+ Kh8 16. Qxc6 Rb8 17. Qd6 Qe8 18. Qd2 Qe6 19. Nd6 f5 20. Nxc8 f4 21. Nd6 Bh6 22. Qd5 Qxd5 23. exd5 fxe3 24. fxe3 Bxe3+ 25. Kh1 Bf4 26. Ne4 Rbd8 27. g3 Bh6 28. c4 b5 29. axb5 axb5 30. cxb5 Nb6 31. d6 c4 32. Ra7 Nd5 33. Bb1 Ne3 34. Rf2 Ng4 35. Kg2 Be3 36. Re7 Bxf2 37. Nxf2 Ne3+ 38. Kh3 Rxf3 39. Ne4 Rf5 40. g4 Rf3+ 41. Kh4 h6 42. Ng3 Ng2+ 43. Kh3 Nf4+ 44. Kh4 g5# 0-1


[Site "https://www.chess.com"]

[Event "Titled Tuesday Blitz February 07 Late 2023"]
[White "Brilej, Jaka"]
[Black "Toktomushev, Teimur"]
[WhiteFideId "14618818"]
[BlackFideId "14176726"]
[WhiteElo "2321"]
[BlackElo "2239"]
[Result "0-1"]
[Round "10"]
[TimeControl "180+2"]
[Date "2023.02.07"]
[WhiteClock "0:02:41"]
[BlackClock "0:02:42"]

1. e4 c5 2. Nf3 e6 3. Nc3 a6 4. d4 cxd4 5. Nxd4 b5 6. Bd3 Bb7 7. O-O Nc6 8. Be3 Nf6 9. a4 b4 10. Na2 Qc7 11. Nxc6 Bxc6 12. Nxb4 Bxb4 13. f3 Bd6 14. f4 0-1


[Site "https://www.chess.com"]

[Event "Titled Tuesday Blitz February 07 Late 2023"]
[White "Adewumi, Tanitoluwa"]
[Black "Ruiz Aguilar, Pablo Alexander"]
[WhiteFideId "30966396"]
[BlackFideId "4401352"]
[WhiteElo "2283"]
[BlackElo "2161"]
[Result "1-0"]
[Round "10"]
[TimeControl "180+2"]
[Date "2023.02.07"]
[WhiteClock "0:00:18"]
[BlackClock "0:00:17"]

1. e4 c5 2. Nf3 e6 3. g3 Nc6 4. Bg2 g6 5. d4 cxd4 6. Nxd4 a6 7. O-O Bg7 8. Be3 Nge7 9. Nc3 O-O 10. Qd2 Re8 11. Rad1 Ne5 12. Qe2 b5 13. f4 Nc4 14. e5 Nxe3 15. Qxe3 Rb8 16. Ne4 Bb7 17. Nd6 Bxg2 18. Kxg2 Rf8 19. Qe2 f6 20. exf6 Bxf6 21. Nxe6 dxe6 22. Qxe6+ Kg7 23. Nf5+ Nxf5 24. Rxd8 Rbxd8 25. Kh3 Rd6 26. Qe4 Rf7 27. Rf3 Bxb2 28. g4 Nd4 29. Qe5+ Rdf6 30. g5 Nxf3 31. gxf6+ Rxf6 32. Qxb2 g5 33. f5 h5 34. Kg3 Nd2 35. Qe5 1-0


[Site "https://www.chess.com"]